Map: Disco Bloodbath LE

Players

Chimera

  • Race: Terran Terran
  • League: Master
  • Spawn Location: 9:00

Mez - Winner!

  • Race: Terran Terran
  • League: Master
  • Spawn Location: 3:00

VOD

Have the link to the VOD?

Description

Time

  • Played on: Aug. 23, 2019, 9:55 a.m.
  • Length: 10:29
Show
View Real Time Build Order
Export as new Build Order

Chimera Terran 

Build Orders: Reaper Expand 

Get SALT Encoding   

  12  0:00  SCV  
  13  0:12  SCV  
  14  0:20  Supply Depot  
  14  0:24  SCV  
  15  0:42  SCV  
  16  0:43  Refinery  
  16  0:44  Barracks  
  16  0:54  SCV  
  17  1:06  SCV  
  18  1:18  SCV  
  19  1:31  Reaper  
  20  1:34  Orbital Command  
  20  1:47  Command Center  
  20  2:01  SCV  
  21  2:03  Marine  
  21  2:05  Supply Depot, Refinery  
  21  2:16  Factory  
  21  2:20  SCV  
  22  2:31  Barracks Reactor  
  22  2:32  SCV  
  23  2:45  SCV  
  23  2:57  SCV  
  24  3:01  Orbital Command  
  22  3:12  Marine  
  22  3:13  Marine  
  24  3:31  SCV  
  24  3:32  SCV  
  24  3:33  Marine  
  24  3:34  Marine  
  27  3:35  Hellion  
  29  3:43  SCV  
  29  3:44  SCV  
  29  3:46  Starport  
  31  3:51  Marine x2  
  33  3:57  Factory Tech Lab  
  33  4:01  SCV  
  33  4:02  SCV  
  35  4:06  Liberator  
  35  4:09  Marine x2  
  37  4:10  Barracks  
  37  4:13  SCV  
  37  4:14  SCV  
  39  4:17  Siege Tank  
  45  4:25  SCV  
  46  4:33  Supply Depot  
  46  4:44  Marine x2, SCV x2  
  46  4:45  Supply Depot  
  50  4:55  Barracks  
  50  4:56  SCV x2  
  52  5:05  Refinery  
  52  5:07  Factory Tech Lab, Starport Reactor  
  52  5:09  SCV x2  
  52  5:12  Marine x2  
  56  5:21  SCV x2  
  50  5:33  SCV x2  
  36  5:45  SCV x2  
  36  5:49  Marine x2  
  40  5:57  SCV x2, Stimpack  
  39  6:09  SCV x2  
  41  6:12  Medivac  
  41  6:14  Medivac  
  45  6:21  SCV x2  
  45  6:24  Siege Tank  
  50  6:28  Marine x2  
  52  6:33  SCV x2  
  52  6:35  Marine x2  
  56  6:45  Marine, SCV x2  
  59  6:47  Supply Depot  
  59  6:56  Siege Tank  
  59  6:58  Marine x3  
  65  7:01  Medivac  
  65  7:03  Marine, SCV  
  65  7:07  SCV  
  70  7:12  Medivac  
  72  7:15  SCV  
  72  7:19  SCV  
  74  7:27  Marine x4  
  78  7:42  Supply Depot x2  
  78  7:46  Combat Shield  
  78  7:53  Supply Depot  
  78  8:03  SCV x2  
  80  8:06  Supply Depot  
  80  8:08  Marine  
  80  8:09  Marine x2  
  81  8:15  SCV x2  
  81  8:22  Marine  
  81  8:26  Marine x3, Siege Tank  
  83  8:28  SCV x2  
  75  8:39  Marine  
  76  8:44  Marine x3  
  73  8:57  Marine  
  73  8:58  Siege Tank  
  69  9:03  Marine x2  
  69  9:04  Marine  
  69  9:06  Medivac  
  74  9:12  SCV  
  74  9:15  Marine  
  76  9:21  Marine  
  76  9:22  Marine, Medivac  
  76  9:23  Marine  
  81  9:25  SCV  
  82  9:33  Marine  
  82  9:34  Siege Tank  
  86  9:45  Marine x3  
  86  9:51  Marine  
  87  10:03  Marine x3  
  90  10:08  Marine  
  91  10:18  Command Center  
Show
View Real Time Build Order
Export as new Build Order

Mez Terran - Winner!

Build Orders: Reaper Expand 

Get SALT Encoding   

  12  0:00  SCV  
  13  0:13  SCV  
  14  0:17  Supply Depot  
  14  0:25  SCV  
  15  0:38  SCV  
  15  0:40  Barracks  
  16  0:47  Refinery  
  16  0:50  SCV  
  17  1:02  SCV  
  18  1:15  SCV  
  19  1:27  Orbital Command  
  19  1:30  Reaper  
  20  1:39  Command Center  
  20  1:48  Supply Depot  
  20  1:53  SCV  
  21  2:02  Marine  
  22  2:12  Factory  
  23  2:15  SCV  
  23  2:17  Refinery  
  23  2:25  Barracks Reactor  
  23  2:27  SCV  
  23  2:51  SCV  
  24  3:03  SCV  
  23  3:15  SCV  
  23  3:23  Starport  
  22  3:28  Hellion x2, Barracks Tech Lab  
  25  3:38  Orbital Command  
  25  3:39  SCV  
  25  3:50  Marauder, Hellion x2  
  25  3:51  SCV  
  32  4:00  Medivac  
  34  4:03  SCV  
  34  4:06  SCV  
  36  4:12  Supply Depot  
  36  4:15  SCV  
  36  4:16  Hellion  
  39  4:17  Hellion  
  41  4:27  SCV  
  41  4:28  SCV  
  41  4:31  Starport Reactor  
  43  4:36  Viking  
  45  4:44  SCV x2  
  47  4:46  Marine  
  47  4:47  Marine, Supply Depot  
  47  4:48  Siege Tank  
  52  4:56  SCV x2  
  47  5:38  SCV x2  
  47  5:39  Siege Tank  
  47  5:40  Marine, Starport Tech Lab  
  47  5:41  Marine  
  50  5:50  SCV x2  
  51  5:58  Marine x2  
  51  6:02  SCV x2  
  51  6:03  Supply Depot  
  55  6:07  Command Center, Raven  
  55  6:09  Barracks x2  
  57  6:11  Siege Tank  
  57  6:14  SCV x2  
  62  6:26  SCV x2  
  62  6:27  Supply Depot, Refinery  
  62  6:29  Refinery  
  62  6:31  Engineering Bay  
  62  6:32  Engineering Bay  
  64  6:33  Marine  
  64  6:37  Marine  
  64  6:38  SCV  
  64  6:39  SCV  
  68  6:48  Siege Tank  
  68  6:50  SCV, Supply Depot  
  68  6:51  SCV  
  73  6:54  Raven  
  73  6:57  Barracks Reactor  
  75  7:03  SCV  
  75  7:05  SCV  
  75  7:06  Barracks x2, Barracks Reactor  
  75  7:08  Marine  
  78  7:11  Marine  
  78  7:15  SCV  
  80  7:17  SCV  
  80  7:19  Supply Depot  
  81  7:25  Siege Tank  
  81  7:27  SCV  
  81  7:29  SCV  
  86  7:39  SCV  
  86  7:40  Orbital Command  
  86  7:41  Marine  
  86  7:42  Marine x2  
  90  7:57  SCV x2  
  92  8:07  Medivac x2  
  92  8:08  Marine x2  
  92  8:09  Marine, SCV, Stimpack  
  92  8:11  Barracks Reactor  
  92  8:12  Terran Infantry Armor Level 1, Terran Infantry Weapons Level 1  
  100  8:13  SCV x2, Barracks Reactor  
  97  8:21  SCV  
  98  8:32  Orbital Command  
  98  8:33  Marine  
  85  8:58  Marine x9  
  85  8:59  SCV  
  85  9:00  SCV x2  
  91  9:12  SCV x3  
  91  9:15  Refinery  
  91  9:16  Marine x6  
  100  9:17  Medivac x2  
  100  9:24  SCV x3  
  105  9:27  Marine x2  
  105  9:28  Refinery  
  109  9:34  Supply Depot  
  109  9:35  Supply Depot  
  109  9:36  Supply Depot x2  
  109  9:42  Marine x2  
  109  9:46  SCV  
  109  9:55  Marine x4, Siege Tank, SCV  
  109  9:56  Marine x3  
  109  9:59  Marine  
  118  10:00  Marine  
  115  10:08  SCV x3  
  122  10:20  Armory  
  122  10:21  Supply Depot x2  
  129  10:22  Supply Depot  
Tags
 
Add a new tag
Caveats
  • Supply blocks, unpowered buildings, or Contaminate may cause inaccurate times.
  • Supply counts are checked every 10 seconds.